Map: Newkirk Precinct TE (Void)

Players

Kelazhur - Winner!

  • Race: Terran Terran
  • League: Diamond
  • Spawn Location: 7:00

TYTY (TY)

  • Race: Terran Terran
  • League: Diamond
  • Spawn Location: 5:00

Event: WESG 2016 Finals

VOD

Have the link to the VOD?

Description

Time

  • Played on: Jan. 13, 2017, 4:50 a.m.
  • Length: 3:48

All games in this series

Show
View Real Time Build Order
Export as new Build Order

Kelazhur Terran - Winner!

Build Orders:  

Get SALT Encoding   

  12  0:01  SCV  
  13  0:13  SCV  
  14  0:20  Supply Depot  
  14  0:27  SCV  
  15  0:42  Barracks  
  15  0:47  Refinery  
  15  0:58  Barracks  
  15  1:02  SCV  
  16  1:14  SCV  
  17  1:29  Orbital Command, Barracks Tech Lab  
  17  1:46  Barracks Tech Lab  
  17  1:48  Marauder  
  19  1:55  Supply Depot  
  19  1:57  Concussive Shells  
  20  2:06  Marauder  
  21  2:15  Marauder  
  23  2:17  SCV  
  23  2:22  Refinery  
  24  2:27  Marauder  
  26  2:36  Marauder  
  26  2:49  Marauder  
  28  2:57  Marauder  
  28  2:58  SCV  
  31  3:10  Marauder  
  31  3:14  SCV  
  31  3:19  Marauder  
  30  3:27  SCV  
Show
View Real Time Build Order
Export as new Build Order

TYTY Terran 

Build Orders: Cyclone Opening, Reaper Expand 

Get SALT Encoding   

  12  0:00  SCV  
  13  0:12  SCV  
  14  0:17  Supply Depot  
  14  0:24  SCV  
  15  0:30  Refinery  
  15  0:39  SCV  
  16  0:45  Barracks  
  16  0:51  SCV  
  17  1:03  SCV  
  18  1:15  SCV  
  19  1:31  Orbital Command  
  19  1:32  Reaper  
  20  1:44  Command Center  
  20  1:55  Factory  
  20  1:58  SCV  
  21  2:04  Refinery  
  21  2:07  Barracks Reactor  
  21  2:13  Supply Depot  
  21  2:19  Marine  
  21  2:22  Bunker  
  19  2:37  Marine  
  19  2:40  Cyclone  
  19  2:42  SCV  
  18  2:54  SCV  
  18  2:55  Marine  
  16  3:06  SCV  
  13  3:13  Marine  
  14  3:21  SCV  
Tags
 
Add a new tag
Caveats
  • Supply blocks, unpowered buildings, or Contaminate may cause inaccurate times.
  • Supply counts are checked every 10 seconds.